 Dungeon Crawl Stone Soup version 0.31-a0-152-g6aa68a64a1 (webtiles) character file.

Game seed: 6754591976754450384

588 qw the Shooter (level 7, -2/64 HPs)
             Began as a Naga Hunter on June 10, 2023.
             Killed from afar by a white imp (10 damage)
             ... with a puff of frost
             ... summoned by Eustachio
             ... on level 5 of the Dungeon.
             The game lasted 00:01:40 (3884 turns).

qw the Shooter (Naga Hunter)                        Turns: 3884, Time: 00:01:40

Health: -2/64      AC:  6    Str: 14    XL:     7   Next: 38%
Magic:  7/7        EV: 10    Int:  9    God:
Gold:   139        SH:  0    Dex: 16    Spells: 6/6 levels left

rFire   + . .        Y - +0 shortbow
rCold   . . .        (shield currently unavailable)
rNeg    . . .        c - +0 leather armour
rPois   +            f - +2 helmet
rElec   .            (no cloak)
rCorr   .            (no gloves)
SInv    +            (no barding)
Will    .....        (no amulet)
Stlth   ++           h - ring of the Frog {rF+ SInv}
HPRegen 0.30/turn    (no ring)
MPRegen 0.10/turn

%: no passive effects
@: about to teleport, very slow
A: AC +2, large, see invisible, deformed body, poison resistance, slowness 2,
spit poison 1, naga tail 1
a: Spit Poison


You were on level 5 of the Dungeon.
You visited 1 branch of the dungeon, and saw 5 of its levels.
You also visited: Ossuary.

You collected 178 gold pieces.
You spent 39 gold pieces at shops.


Innate Abilities, Weirdness & Mutations

Your serpentine skin is tough. (AC +2)
You have supernaturally acute eyesight. (SInv)
Armour fits poorly on your strangely shaped body.
Your system is resistant to poisons. (rPois)
You cover ground very slowly.
You can spit poison.
You have a snake-like lower body.


   Skills:
 - Level 4.3 Fighting
 + Level 7.0 Ranged Weapons
 - Level 2.0 Dodging
 - Level 1.5 Stealth


You had 6 spell levels left.
You didn't know any spells.
Your spell library was empty.

Inventory:

Hand Weapons
 Y - a +0 shortbow (weapon)
Armour
 c - a +0 leather armour (worn)
 f - a +2 helmet (worn)
Jewellery
 h - the ring of the Frog (left hand) {rF+ SInv}
   (You found it on level 2 of the Dungeon)

   [ring of see invisible]

   rF:        It protects you from fire.
   SInv:      It lets you see invisible.
Scrolls
 j - a scroll of enchant armour
 k - a scroll of identify
Potions
 a - 6 potions of curing
 b - 3 potions of heal wounds
 d - a potion of might {unknown}
 e - a potion of brilliance {unknown}
 g - a potion of ambrosia {unknown}

Dungeon Overview and Level Annotations

Branches:
Dungeon (5/15)            Ossuary (visited)
 Temple: D:4-7

Altars:

Shops:
D:1 [   D:2 !

Annotations:
D:3 2 transporters
D:5 Eustachio


Message History

Pain shoots through your body!
The white imp hits you but does no damage.
The iron imp hits you but does no damage.
You shoot an arrow. The arrow closely misses the iron imp.
You have got your breath back.
The shadow imp hits you. The white imp barely misses you.
The iron imp hits you!
You shoot an arrow.
The arrow hits the iron imp but does no damage.
The iron imp is severely wounded.
The iron imp disappears in a puff of smoke!
The shadow imp barely misses you. The white imp closely misses you.
Eustachio mumbles some strange words.
3881 ||| INVOKING Spit Poison.
Aiming: Spit Poison (1% risk of failure)
Press: ? - help, Shift-Dir - straight line, f - quokka The splash of poison hits the quokka!
The quokka is poisoned.
You kill the quokka!
The quokka's corpse disappears in a puff of smoke!
The shadow imp barely misses you. The white imp hits you.
The white imp freezes you.
You shoot an arrow. The arrow barely misses the white imp.
The shadow imp hits you but does no damage.
The white imp hits you but does no damage.
Eustachio casts a spell.
Eustachio blinks!
You shoot an arrow. The arrow hits the white imp!
The white imp is severely wounded.
The shadow imp hits you. The white imp gestures at you.
The puff of frost hits you! The shadow imp gestures at you.
Pain shoots through your body! The white imp closely misses you.
3884 ||| READING scroll of teleportation.
As you read the scroll of teleportation, it crumbles to dust.
You feel strangely unstable.
You have got your breath back.
The shadow imp closely misses you. The white imp gestures at you.
The puff of frost hits you!
You die...

#..####.#
#..####.# .#
#....##.# .#
#.##.##.#
##.####
#.##.##.#
.......
#.......# r....
####.#### @r.
##.######5#.###.
#.#.....@.......
##.######5#.###.
### ... ##.# .#
#


You could see Eustachio, a river rat (summoned), a white imp (summoned), a
shadow imp (summoned) and a rat (summoned).

Vanquished Creatures
  4 water moccasin zombies (Ossuary)
  A hound (D:2)
  2 iguanas
  2 mummies (Ossuary)
  6 gnolls
  5 adders
  5 adder zombies (Ossuary)
  3 worms
  A dart slug (D:2)
  14 orcs
  14 endoplasms
  3 giant cockroaches
  3 gnoll zombies (Ossuary)
  8 goblins
  A hobgoblin (D:1)
  4 jackals
  7 quokkas
  5 ball pythons
  6 bats
  4 frilled lizards
  4 hobgoblin zombies (Ossuary)
  8 kobolds
  4 kobold zombies (Ossuary)
  7 orc zombies (Ossuary)
  4 rats
125 creatures vanquished.

Notes
Turn   | Place    | Note
-------+----------+-------------------------------------------
     0 | D:1      | qw the Naga Hunter began the quest for the Orb.
     0 | D:1      | Reached XP level 1. HP: 19/19 MP: 1/1
     0 | D:1      | 0 ||| qw: Version: 0.2-a-122-gbc61b45
     0 | D:1      | 0 ||| qw: Game counter: 3604
     0 | D:1      | 0 ||| qw: Always use a shield: true
     0 | D:1      | 0 ||| qw: God list: Okawaru
     0 | D:1      | 0 ||| qw: Allow faded altars: false
     0 | D:1      | 0 ||| qw: Do Orc after D:15 true
     0 | D:1      | 0 ||| qw: Do second Lair branch before Depths: true
     0 | D:1      | 0 ||| qw: Lair rune preference: random
     0 | D:1      | 0 ||| qw: Plans: Normal
     0 | D:1      | 0 ||| PLANNING D:1-11
    54 | D:1      | 54 ||| INVOKING Spit Poison.
    57 | D:1      | 57 ||| INVOKING Spit Poison.
    60 | D:1      | 60 ||| INVOKING Spit Poison.
    94 | D:1      | Found Beuddaif's Armour Emporium.
    97 | D:1      | 97 ||| INVOKING Spit Poison.
   100 | D:1      | 100 ||| INVOKING Spit Poison.
   108 | D:1      | 108 ||| SHOPLISTING +1 cloak of preservation (181 gold,
                  | have 17).
   115 | D:1      | Reached skill level 4 in Ranged Weapons
   115 | D:1      | Reached XP level 2. HP: 26/26 MP: 2/2
   125 | D:1      | 125 ||| INVOKING Spit Poison.
   128 | D:1      | 128 ||| INVOKING Spit Poison.
   159 | D:1      | 159 ||| INVOKING Spit Poison.
   268 | D:1      | 268 ||| INVOKING Spit Poison.
   293 | D:1      | 293 ||| INVOKING Spit Poison.
   503 | D:1      | Found a faded altar of an unknown god.
   542 | D:1      | 542 ||| INVOKING Spit Poison.
   546 | D:1      | 546 ||| INVOKING Spit Poison.
   547 | D:1      | Reached XP level 3. HP: 31/32 MP: 3/3
   561 | D:1      | 561 ||| INVOKING Spit Poison.
   764 | D:1      | 764 ||| READING scroll labelled BUGOCV SULYILU.
   765 | D:1      | 765 ||| READING scroll labelled KIWEIK AVVULAC.
   766 | D:1      | 766 ||| READING scroll labelled AMEUNU TATI.
   767 | D:1      | 767 ||| DROPPING scroll of butterflies.
   800 | D:2      | 800 ||| INVOKING Spit Poison.
   804 | D:2      | 804 ||| INVOKING Spit Poison.
   875 | D:2      | 875 ||| INVOKING Spit Poison.
   881 | D:2      | 881 ||| INVOKING Spit Poison.
   916 | D:2      | 916 ||| INVOKING Spit Poison.
   955 | D:2      | 955 ||| INVOKING Spit Poison.
   958 | D:2      | 958 ||| FLEEEEING.
   959 | D:2      | 959 ||| FLEEEEING.
   961 | D:2      | 961 ||| INVOKING Spit Poison.
   989 | D:2      | 989 ||| INVOKING Spit Poison.
  1005 | D:2      | 1005 ||| INVOKING Spit Poison.
  1032 | D:2      | Found Depicel's Distillery.
  1033 | D:2      | 1033 ||| INVOKING Spit Poison.
  1034 | D:2      | Reached skill level 5 in Ranged Weapons
  1036 | D:2      | 1036 ||| INVOKING Spit Poison.
  1037 | D:2      | Reached XP level 4. HP: 39/39 MP: 4/4
  1040 | D:2      | 1040 ||| INVOKING Spit Poison.
  1043 | D:2      | 1043 ||| INVOKING Spit Poison.
  1056 | D:2      | 1056 ||| BUYING potion of curing (39 gold).
  1056 | D:2      | Bought a potion of curing for 39 gold pieces
  1056 | D:2      | 1056 ||| SHOPLISTING potion of curing (39 gold, have 19).
  1056 | D:2      | 1056 ||| SHOPLISTING potion of heal wounds (65 gold, have
                  | 19).
  1056 | D:2      | 1056 ||| SHOPLISTING potion of might (52 gold, have 19).
  1072 | D:2      | 1072 ||| INVOKING Spit Poison.
  1405 | D:2      | Identified the ring of the Frog {rF+ SInv}
  1461 | D:2      | 1461 ||| INVOKING Spit Poison.
  1465 | D:2      | Reached skill level 3 in Fighting
  1486 | D:2      | 1486 ||| UPGRADING to +0 helmet.
  1491 | D:2      | 1491 ||| UPGRADING to ring of the Frog {rF+ SInv}.
  1492 | D:2      | 1492 ||| READING scroll labelled ROKU WYSIGA.
  1518 | D:3      | 1518 ||| INVOKING Spit Poison.
  1523 | D:3      | 1523 ||| INVOKING Spit Poison.
  1541 | D:3      | 1541 ||| INVOKING Spit Poison.
  1599 | D:3      | Found a transporter.
  1606 | D:3      | Found a transporter.
  1611 | D:3      | 1611 ||| INVOKING Spit Poison.
  1616 | D:3      | 1616 ||| INVOKING Spit Poison.
  1651 | D:3      | Noticed a small abomination
  1668 | D:3      | Noticed a small abomination
  1690 | D:3      | 1690 ||| INVOKING Spit Poison.
  1696 | D:3      | 1696 ||| INVOKING Spit Poison.
  1698 | D:3      | Reached XP level 5. HP: 43/49 MP: 5/5
  1804 | D:3      | 1804 ||| INVOKING Spit Poison.
  1808 | D:3      | 1808 ||| INVOKING Spit Poison.
  1811 | D:3      | 1811 ||| INVOKING Spit Poison.
  1814 | D:3      | 1814 ||| INVOKING Spit Poison.
  1817 | D:3      | 1817 ||| INVOKING Spit Poison.
  1931 | D:3      | 1931 ||| INVOKING Spit Poison.
  1932 | D:3      | 1932 ||| INVOKING Spit Poison.
  1979 | D:3      | 1979 ||| READING scroll labelled UPE RIDGHOWNEAD.
  2080 | D:3      | 2080 ||| DRINKING 3 bubbling amethyst potions.
  2117 | D:4      | Found a sand-covered staircase.
  2118 | D:4      | 2118 ||| PLANNING OSSUARY
  2118 | D:4      | 2118 ||| STAIRDANCE
  2129 | Ossuary  | Entered an ossuary
  2287 | Ossuary  | Reached skill level 6 in Ranged Weapons
  2294 | Ossuary  | Reached XP level 6. HP: 48/56 MP: 6/6
  2768 | Ossuary  | 2768 ||| READING 2 scrolls of enchant armour.
  2768 | Ossuary  | 2768 ||| ENCHANTING +0 helmet.
  2769 | Ossuary  | 2769 ||| READING scroll of enchant armour.
  2769 | Ossuary  | 2769 ||| ENCHANTING +1 helmet.
  2785 | Ossuary  | 2785 ||| READING scroll labelled XIQUEHO TOMI.
  2786 | Ossuary  | 2786 ||| READING scroll labelled FEUKATATHY.
  2787 | Ossuary  | 2787 ||| READING scroll labelled QOESIMM EBAIN.
  2790 | Ossuary  | 2790 ||| DRINKING 2 fuming dark potions.
  2791 | Ossuary  | 2791 ||| DRINKING 2 purple potions.
  2833 | Ossuary  | 2833 ||| DROPPING potion of enlightenment.
  2834 | Ossuary  | 2834 ||| DROPPING potion of lignification.
  2844 | D:4      | 2844 ||| PLANNING D:1-11
  2927 | D:4      | 2927 ||| INVOKING Spit Poison.
  2931 | D:4      | 2931 ||| INVOKING Spit Poison.
  2933 | D:4      | Reached XP level 7. HP: 47/64 MP: 7/7
  2934 | D:4      | 2934 ||| INVOKING Spit Poison.
  2937 | D:4      | 2937 ||| INVOKING Spit Poison.
  3109 | D:4      | 3109 ||| INVOKING Spit Poison.
  3112 | D:4      | 3112 ||| INVOKING Spit Poison.
  3124 | D:4      | 3124 ||| INVOKING Spit Poison.
  3130 | D:4      | 3130 ||| INVOKING Spit Poison.
  3135 | D:4      | 3135 ||| INVOKING Spit Poison.
  3141 | D:4      | 3141 ||| INVOKING Spit Poison.
  3252 | D:4      | 3252 ||| INVOKING Spit Poison.
  3256 | D:4      | 3256 ||| Stepping ~*~*~tactically~*~*~ (outnumbered).
  3258 | D:4      | 3258 ||| INVOKING Spit Poison.
  3261 | D:4      | 3261 ||| INVOKING Spit Poison.
  3422 | D:4      | 3422 ||| INVOKING Spit Poison.
  3552 | D:4      | 3552 ||| DROPPING ring of wizardry.
  3567 | D:5      | Entered Level 5 of the Dungeon
  3586 | D:5      | 3586 ||| INVOKING Spit Poison.
  3591 | D:5      | 3591 ||| INVOKING Spit Poison.
  3626 | D:5      | 3626 ||| INVOKING Spit Poison.
  3630 | D:5      | 3630 ||| INVOKING Spit Poison.
  3631 | D:5      | 3631 ||| Stepping ~*~*~tactically~*~*~ (outnumbered).
  3634 | D:5      | 3634 ||| INVOKING Spit Poison.
  3640 | D:5      | 3640 ||| INVOKING Spit Poison.
  3651 | D:5      | 3651 ||| INVOKING Spit Poison.
  3654 | D:5      | 3654 ||| INVOKING Spit Poison.
  3679 | D:5      | 3679 ||| INVOKING Spit Poison.
  3681 | D:5      | Reached skill level 7 in Ranged Weapons
  3686 | D:5      | 3686 ||| INVOKING Spit Poison.
  3778 | D:5      | 3778 ||| INVOKING Spit Poison.
  3782 | D:5      | 3782 ||| INVOKING Spit Poison.
  3863 | D:5      | Noticed Eustachio
  3871 | D:5      | 3871 ||| INVOKING Spit Poison.
  3874 | D:5      | 3874 ||| INVOKING Spit Poison.
  3881 | D:5      | 3881 ||| INVOKING Spit Poison.
  3883 | D:5      | HP: 15/64 [white imp/puff of frost[Eustachio] (9)]
  3884 | D:5      | 3884 ||| READING scroll of teleportation.
  3884 | D:5      | Killed from afar by a white imp

Levels and vault maps discovered:
D:1:      dpeg_arrival_long_road, layout_basic, serial_shops, shop,
          chequers_ecumenical_altar_simple, chequers_serial_rivers_room_b
D:2:      layout_basic, serial_shops, shop, minivault_26
D:3:      layout_rooms, gammafunk_ghost_abyssal_escape
D:4:      cheibrodos_quashed, layout_basic, enter_ossuary_1
D:5:      layout_loops_corners, uniq_eustachio

Skill      XL: |  1  2  3  4  5  6  7 |
---------------+----------------------+-----
Ranged Weapons | 4 5 6 7 |  7.0
Fighting       | 3 4 |  4.3
Dodging        | 2 |  2.0
Stealth        | |  1.5

Action                     |  1- 3 |  4- 6 |  7- 9 || total
---------------------------+-------+-------+-------++-------
   Fire: Shortbow          |    72 |   184 |    84 ||   340
Ability: Spit Poison       |    24 |    19 |    27 ||    70
    Use: Scroll            |     3 |     7 |     1 ||    11
         Potion            |       |     3 |       ||     3
 Armour: Leather armour    |     3 |    33 |    14 ||    50
  Dodge: Dodged            |     7 |    59 |    24 ||    90

Table legend:
 A = Non-vault XP
 B = Vault XP
 C = Vault XP percentage of total XP
 D = Non-vault monster count
 E = Vault monster count
 F = Vault count percentage of total count
                 A         B        C        D         E       F
            +---------+---------+-------+---------+---------+-------
      Total |     439 |     401 |  47.7 |      96 |      29 |  23.2
            +---------+---------+-------+---------+---------+-------
        D:1 |      36 |       0 |   0.0 |      22 |       0 |   0.0
        D:2 |     104 |       0 |   0.0 |      26 |       0 |   0.0
        D:3 |      64 |       0 |   0.0 |      18 |       0 |   0.0
        D:4 |     130 |       0 |   0.0 |      19 |       0 |   0.0
        D:5 |     105 |       0 |   0.0 |      11 |       0 |   0.0
    Ossuary |       0 |     401 | 100.0 |       0 |      29 | 100.0
            +---------+---------+-------+---------+---------+-------
